 Dungeon Crawl Stone Soup version 0.22-a0-748-g283c1ef38e (webtiles) character file.

257 Ezendos the Conjurer (level 5, -3/41 HPs)
             Began as a Draconian Conjurer on July 15, 2018.
             Slain by a river rat (10 damage)
             ... in a sewer.
             The game lasted 00:09:04 (3694 turns).

Ezendos the Conjurer (Draconian Conjurer)           Turns: 3694, Time: 00:09:05

Health: -3/41      AC:  7    Str: 10    XL:     5   Next: 93%
Magic:  0/10       EV: 17    Int: 22    God:
Gold:   113        SH:  0    Dex: 20    Spells: 4/11 levels left

rFire    . . .     SeeInvis .   c - +0 dagger
rCold    . . .     Gourm    .   (no shield)
rNeg     . . .     Faith    .   (armour unavailable)
rPois    .         Spirit   .   (helmet restricted)
rElec    .         Reflect  .   (no cloak)
rCorr    .         Harm     .   a - +1 pair of gloves
MR       +....                  (no boots)
Stlth    +++.......             (no amulet)
HPRegen  0.13/turn              l - ring of protection from magic
MPRegen  0.12/turn              e - +4 ring of dexterity

@: brilliant, agile
A: unfitting armour, cold-blooded, AC +5
a: no special abilities


You were in a sewer.
You were very hungry.

You visited 1 branch of the dungeon, and saw 4 of its levels.
You also visited: Sewer.

You collected 113 gold pieces.

Inventory:

Hand Weapons
 c - a +0 dagger (weapon)
 i - a +0 rapier
Armour
 a - a +1 pair of gloves (worn)
Jewellery
 e - a +4 ring of dexterity (right hand)
 l - a ring of protection from magic (left hand)
 o - an uncursed amulet of the gourmand {unknown}
Scrolls
 r - a scroll of amnesia
Potions
 d - a potion of cancellation
 f - a potion of degeneration {unknown}
 h - 3 potions of brilliance
 j - a potion of heal wounds {unknown}
 m - a potion of berserk rage {unknown}
 n - 2 potions of mutation {unknown}
 q - 2 potions of flight {unknown}
Comestibles
 b - 7 rations


   Skills:
 * Level 2.1 Fighting
 - Level 1.7 Dodging
 - Level 1.7 Stealth
 + Level 3.9 Spellcasting
 * Level 5.7 Conjurations


You had 4 spell levels left.
You knew the following spells:

 Your Spells              Type           Power        Failure   Level  Hunger
a - Magic Dart            Conj           ####         1%          1    None
b - Searing Ray           Conj           #####.       1%          2    #......
c - Iskenderun's Mystic   Conj           #####...     1%          4    ####...

Your spell library contained the following spells:

 Spells                   Type           Power        Failure   Level  Hunger
 Fulminant Prism          Conj/Hex       ####......   4%          4    ####...
 Dazzling Spray           Conj/Hex       ####..       1%          3    ###....
 Force Lance              Conj/Tloc      ####....     4%          4    ####...


Dungeon Overview and Level Annotations

Branches:
Dungeon (4/15)
 Temple: D:4-7

Altars:
Xom
Yredelemnul


Innate Abilities, Weirdness & Mutations

Your plain brown scales are hard. (AC +5)
You cannot fit into any form of body armour.
You are cold-blooded and may be slowed by cold attacks.


Message History

The river rat is lightly wounded. (Press . to maintain the ray.)
The searing ray hits the river rat.
The river rat is moderately wounded.
The river rat bites you but does no damage.
The river rat bites you!
* * * LOW HITPOINT WARNING * * *
Okay, then.
You feel better. The river rat bites you.
* * * LOW HITPOINT WARNING * * *
The river rat closely misses you.
Casting: Searing Ray (safe; 1% risk of failure)
Confirm with . or Enter, or press ? or * to list all spells.
Aiming: Magic Dart (safe; 1% risk of failure)
Press: ? - help, Shift-Dir - straight line, f/p - rat
Aim: a rat The magic dart hits the river rat.
The river rat is moderately wounded.
The river rat misses you. The river rat bites you!
You die...

###
#.#
#.#
#.#
#.#
#r#
#r#
#@#
#r#
#.#
#r#
#r#
#.#
#.#
#≈#


You could see 3 river rats and 2 rats.

Vanquished Creatures
  A howler monkey (D:4)
  An orc priest (D:3)
  An orc wizard (D:3)
  A bullfrog skeleton (D:4)
  5 adders
  A river rat (D:4)
  2 oozes
  An adder skeleton (D:4)
  A dart slug (D:1)
  3 leopard geckos
  5 orcs (D:3)
  2 gnoll zombies (D:2)
  4 goblins
  4 hobgoblins (D:1)
  5 jackals
  4 ball pythons
  9 bats
  A frilled lizard (D:2)
  3 kobolds
  6 rats
60 creatures vanquished.

Notes
Turn   | Place    | Note
-------+----------+-------------------------------------------
     0 | D:1      | Ezendos the Draconian Conjurer began the quest for the Orb.
     0 | D:1      | Reached XP level 1. HP: 14/14 MP: 3/3
   546 | D:1      | Reached XP level 2. HP: 20/20 MP: 1/5
   550 | D:1      | Learned a level 2 spell: Searing Ray
  1187 | D:2      | Reached XP level 3. HP: 26/26 MP: 0/7
  1535 | D:2      | Found a shimmering altar of Xom.
  1538 | D:2      | Found a shimmering altar of Xom.
  1539 | D:2      | Found a shimmering altar of Xom.
  1539 | D:2      | Found a shimmering altar of Xom.
  1540 | D:2      | Found a shimmering altar of Xom.
  1544 | D:2      | Found a shimmering altar of Xom.
  2098 | D:2      | Found a basalt altar of Yredelemnul.
  2304 | D:3      | Reached XP level 4. HP: 33/33 MP: 6/8
  2611 | D:3      | Reached skill level 5 in Conjurations
  3121 | D:3      | Reached XP level 5. HP: 38/39 MP: 5/10
  3130 | D:3      | Learned a level 4 spell: Iskenderun's Mystic Blast
  3163 | D:3      | Reached skill level 1 in Fighting
  3523 | D:4      | Found a glowing drain.
  3655 | D:4      | HP: 2/41 [poisoned by a worker ant]
  3685 | Sewer    | Entered a sewer
  3694 | Sewer    | Slain by a river rat

Vault maps used:
D:1:      eino_arrival_water_cross, serial_bayou, serial_bayou_lagoon_a,
          serial_bayou_pond_e, serial_bayou_crossing, serial_bayou_pond_d,
          minmay_misc_feat_nine_boxes
D:2:      xom_redecorated, lemuel_zombie_altar_yredelemnul, first_ration,
          minmay_crystal_water
D:4:      lemuel_doored_altar, portal_sewer_entry_a, minmay_misc_feat_hallway,
          st_stairs_4, amethyst_killhole
Sewer:    sewer_kobolds

Skill      XL: |  1  2  3  4  5 |
---------------+----------------+-----
Spellcasting   | 3 |  3.9
Conjurations   | 5 |  5.7
Fighting       | 2 |  2.1
Dodging        | |  1.7
Stealth        | |  1.7

Action                   |  1- 3 |  4- 6 || total
-------------------------+-------+-------++-------
Melee: Dagger            |    31 |    11 ||    42
       Unarmed           |     2 |       ||     2
       Rapier            |     3 |       ||     3
 Cast: Magic Dart        |    84 |    63 ||   147
       Searing Ray       |     1 |     6 ||     7
       Iskenderun's Myst |       |     3 ||     3
  Use: Scroll            |     4 |     2 ||     6
       Potion            |       |     5 ||     5
  Eat: Chunk             |     4 |     5 ||     9
Armor: Skin              |    17 |    13 ||    30
Dodge: Dodged            |    38 |    35 ||    73

Table legend:
 A = Spawn XP
 B = Non-spawn XP
 C = Spawn XP percentage of total XP
 D = Spawn monster count
 E = Non-spawn monster count
 F = Spawn count percentage of total count
 G = Total turns spent on level
                    A         B        C        D         E        F      G
               +---------+---------+-------+---------+---------+-------+---------
         Total |       0 |     368 |   0.0 |       0 |      60 |   0.0 |  3694
               +---------+---------+-------+---------+---------+-------+---------
           D:1 |       0 |      29 |   0.0 |       0 |      18 |   0.0 |  1120
           D:2 |       0 |      61 |   0.0 |       0 |      17 |   0.0 |  1035
           D:3 |       0 |     145 |   0.0 |       0 |      17 |   0.0 |  1227
           D:4 |       0 |     133 |   0.0 |       0 |       8 |   0.0 |   303
               +---------+---------+-------+---------+---------+-------+---------
